 Dungeon Crawl Stone Soup version 0.32-a0-673-g3729bd50f8 (webtiles) character file.

Game seed: 14464907965539254923

23 croobank the Chopper (level 2, -4/27 HPs)
             Began as a Mountain Dwarf Monk on Mar 10, 2024.
             Slain by a cerulean imp
             ... wielding a +3 spear
             ... summoned by Natasha
              (7 damage)
             ... on level 2 of the Dungeon.
             The game lasted 00:02:01 (1153 turns).

croobank the Chopper (Mountain Dwarf Monk)          Turns: 1153, Time: 00:02:02

Health: -4/27      AC:  2    Str: 13    XL:     2   Next: 75%
Magic:  2/2        EV: 12    Int: 10    God:
Gold:   87         SH:  0    Dex: 12    Spells: 1/1 levels left

rFire   . . .        a - +0 hand axe
rCold   . . .        d - orb {light}
rNeg    . . .        b - +0 robe
rPois   .            (no helmet)
rElec   .            (no cloak)
rCorr   .            (no gloves)
SInv    .            (no boots)
Will    .....        (no amulet)
Stlth   +            (no ring)
HPRegen 0.24/turn    (no ring)
MPRegen 0.08/turn

%: no passive effects
@: slowed, glowing, very slow
A: runic magic, artefact enchanting
a: no special abilities


You were on level 2 of the Dungeon.
You visited 1 branch of the dungeon, and saw 3 of its levels.

You collected 87 gold pieces.

Inventory:

Hand Weapons
 a - a +0 hand axe (weapon)
 j - a +0 mace
Missiles
 h - 5 poisoned darts (quivered)
Armour
 b - a +0 robe (worn)
 d - an orb of light (worn)
 k - a +0 ring mail
Scrolls
 i - a scroll of enchant weapon {unknown}
 l - a scroll of noise {unknown}
Potions
 f - a potion of lignification {unknown}
 g - 2 potions of curing {unknown}


   Skills:
 + Level 3.7 Fighting
 + Level 4.1 Axes
 + Level 2.4 Dodging


You had one spell level left.
You didn't know any spells.
Your spell library was empty.

Dungeon Overview and Level Annotations

Branches:
Dungeon (3/15)

Altars:

Annotations:
D:2 Natasha, Terence


Innate Abilities, Weirdness & Mutations

Your spellcasting is much less encumbered by armour.
You can use scrolls of enchantment on lesser artefacts.


Message History

Natasha casts a spell.
The cerulean imp hits you but does no damage.
The cerulean imp hits you from afar with a +1 spear.
Natasha casts a spell at you.
You feel yourself slow down.
The cerulean imp hits you from afar with a +3 spear.
The cerulean imp hits you with a +1 spear.
You hit the cerulean imp.
The cerulean imp is lightly wounded.
You hit Natasha but do no damage. The cerulean imp closely misses you.
Natasha claws you. The cerulean imp closely misses you.
The cerulean imp barely misses you. Natasha casts a spell at you.
The magic dart hits you.
The cerulean imp hits you from afar with a +1 spear.
The cerulean imp barely misses you. The cerulean imp closely misses you.
Natasha barely misses you.
The cerulean imp hits you but does no damage.
The cerulean imp hits you with a +3 spear.
* * * LOW HITPOINT WARNING * * *
The cerulean imp misses you.
You closely miss the cerulean imp.
The cerulean imp is lightly wounded.
You hit Natasha but do no damage. You hit the cerulean imp.
You feel less invigorated.
You feel less confused.
The cerulean imp hits you from afar with a +1 spear.
Natasha closely misses you.
The cerulean imp hits you with a +1 spear.
The cerulean imp barely misses you.
Natasha stares at you and mumbles some strange words.
The magic dart hits you.
* * * LOW HITPOINT WARNING * * *
The cerulean imp hits you from afar with a +1 spear.
* * * LOW HITPOINT WARNING * * *
The air fills with toxic fumes!
As you read the scroll labelled INATIEZYTO, it crumbles to dust.
It was a scroll of poison.
The cerulean imp misses you.
The cerulean imp hits you with a +3 spear!
You die...

#####
#####§§...
#§§§§§###.#
#§§§§§.....
#§§§§##.#.
+§§5§§#
#§§@§§#
#§5§h§#
##§##5#
.§§.#§#
#.§§§.#.#
#§§§§ #.#
.§§§§§ #.#
#§§§§§ ...
...


You could see Natasha and 3 cerulean imps.

Vanquished Creatures
  An adder (D:3)
  2 endoplasms (D:1)
  2 goblins (D:1)
  A hobgoblin (D:1)
  2 kobolds
  2 quokkas
  2 ball pythons
  A frilled lizard (D:1)
13 creatures vanquished.

Notes
Turn   | Place    | Note
-------+----------+-------------------------------------------
     0 | D:1      | croobank the Mountain Dwarf Monk began the quest for the
                  | Orb.
     0 | D:1      | Reached XP level 1. HP: 19/19 MP: 1/1
   509 | D:1      | Reached XP level 2. HP: 21/26 MP: 2/2
   887 | D:2      | Noticed Terence
   905 | D:3      | Reached skill level 4 in Axes
  1138 | D:2      | Noticed Natasha
  1153 | D:2      | Slain by a cerulean imp

Illustrated notes

Levels and vault maps discovered:
D:1:      ncdulo_halloftheorcs, layout_basic, st_stairs_13, minivault_11,
          eino_curves_04
D:2:      layout_basic, minmay_pentomino_w2, uniq_terence, uniq_natasha
D:3:      layout_basic, mainiacjoe_overflow_brackets

Skill      XL: |  1  2 |
---------------+-------+-----
Axes           | 4 |  4.1
Fighting       | |  3.7
Dodging        | |  2.4

Action                     || total
---------------------------++-------
  Melee: Hand axe          ||    45
    Use: Scroll            ||     1
         Potion            ||     1
 Armour: Robe              ||    50
  Dodge: Dodged            ||    37

Table legend: (Time is in decaauts)
 A = Elapsed time spent in this place.
 B = Non-inter-level travel time spent in this place.
 C = Inter-level travel time spent in this place.
 D = Time resting spent in this place.
 E = Time spent auto-exploring this place.
 F = Levels seen in this place.
 G = Mean time per level.
                   A        B        C        D        E       F      G
               +--------+--------+--------+--------+--------+-----+--------+
         Total |   1158 |   1126 |     32 |    162 |    818 |   3 |  386.0 |
       Dungeon |   1158 |   1126 |     32 |    162 |    818 |   3 |  386.0 |
               +--------+--------+--------+--------+--------+-----+--------+

Top non-repeatable levels by time:
     D:1: 853 daAuts
     D:3: 244 daAuts
     D:2: 61 daAuts
